 Dungeon Crawl Stone Soup version 0.18.1-8-gdd0e5ea (webtiles) character file.

982 Krapule the Shield-Bearer (level 8, -3/62 HPs)
             Began as a Formicid Fighter on May 23, 2016.
             Slain by an ogre
             ... wielding a +0 giant spiked club
              (22 damage)
             ... on level 5 of the Dungeon.
             The game lasted 00:19:42 (5017 turns).

Krapule the Shield-Bearer (Formicid Fighter)        Turns: 5017, Time: 00:19:43

Health: -3/62      AC:  8    Str: 23    XL:     8   Next: 40%
Magic:  17/17      EV: 10    Int:  8    God:
Gold:   308        SH: 11    Dex: 10    Spells: 0 memorised, 7 levels left

rFire  . . .     SeeInvis +     a - +1 war axe
rCold  . . .     Gourm    .     b - +0 scale mail
rNeg   . . .     Faith    .     c - +1 shield
rPois  .         Spirit   .     (helmet unavailable)
rElec  .         Dismiss  .     (no cloak)
rCorr  .         Reflect  .     g - +0 pair of gloves
SustAt .         Harm     .     (no boots)
MR     +....                    (no amulet)
Stlth  +.........               o - ring of protection from magic
                                q - ring of magical power

@: somewhat resistant to hostile enchantments, very unstealthy
A: permanent stasis, dig shafts and tunnels, four strong arms, antennae 3
a: Dig, Shaft Self


You were on level 5 of the Dungeon.
You were very hungry.

You visited 1 branch of the dungeon, and saw 5 of its levels.

You collected 308 gold pieces.

Inventory:

Hand Weapons
 a - a +1 war axe (weapon)
Armour
 b - a +0 scale mail (worn)
 c - a +1 shield (worn)
 g - a +0 pair of gloves (worn)
Jewellery
 o - a ring of protection from magic (right hand)
 q - a ring of magical power (left hand)
Wands
 j - a wand of flame (6/48)
 t - a wand of random effects (26/48)
Scrolls
 e - a scroll of remove curse
 h - 3 scrolls of identify
 m - 2 scrolls of magic mapping
 n - a scroll of enchant weapon
Potions
 d - a potion of might
 k - a potion of ambrosia {unknown}
 l - a potion of mutation
 p - a potion of brilliance {unknown}
 r - 2 potions of degeneration {unknown}
 s - a potion of resistance
Comestibles
 f - 2 bread rations
 i - a meat ration
 u - 3 beef jerkies


   Skills:
 * Level 5.2 Fighting
 + Level 3.5 Axes
 * Level 5.5 Armour
 + Level 2.5 Dodging
 + Level 4.4 Stealth
 * Level 6.5 Shields


You had 7 spell levels left.
You didn't know any spells.

Dungeon Overview and Level Annotations

Branches:
Dungeon (5/15)
 Temple: D:4-7

Altars:
Fedhas
Qazlal

Annotations:
D:4 ThereIsNoGod's ghost, novice GrFi
D:5 mopl's ghost, amateur DsAE


Innate Abilities, Weirdness & Mutations

You are under a permanent stasis effect.
You can dig through walls and to a lower floor.
Your four strong arms can wield two-handed weapons with a shield.
You have a pair of large antennae on your head (SInv).


Message History

You slash the quokka!
You kill the quokka!
No target in view!
An ogre comes into view. It is wielding a giant spiked club.
You completely miss the ogre.
The ogre hits you with a giant spiked club!!
You hit the ogre.
The ogre is lightly wounded.
The ogre hits you with a giant spiked club!!
* * * LOW HITPOINT WARNING * * *
You are too injured to fight recklessly!
You are too injured to fight recklessly!
You are too injured to fight recklessly!
You hit the ogre.
The ogre is moderately wounded.
The ogre closely misses you.
You hit the ogre.
The ogre is moderately wounded.
The ogre hits you with a giant spiked club!!
You die...

.... #..# # .... .
####..### ..
#.......###.##....
#...........##.....
#...O...##...#..<...#
#...@................
#................#
#........###..##.#
#................####
#.............##.....
######....#.#........
#....#.....#....
#....#.....#....
#....#.###.#....


You could see an ogre.

Vanquished Creatures
  2 phantoms (D:5)
  An ogre (D:5)
  The ghost of murphy the Shooter, an amateur HEAM (D:3)
  A howler monkey (D:5)
  A crimson imp (D:5)
  A quasit (D:5)
  An orc priest (D:5)
  A hound (D:5)
  A centaur skeleton (D:4)
  A giant frog skeleton (D:4)
  An orc wizard (D:5)
  Jessica (D:2)
  Terence (D:2)
  An iguana (D:5)
  Natasha (thrice) (D:2 D:3)
  Robin (D:2)
  A howler monkey skeleton (D:4)
  5 adders
  An ooze (D:3)
  An adder skeleton (D:5)
  7 worms
  4 dart slugs
  A giant gecko (D:5)
  14 orcs
  7 giant cockroaches
  16 goblins
  13 hobgoblins
  12 jackals
  3 quokkas
  3 ball pythons
  8 bats
  A giant cockroach zombie (D:5)
  7 giant newts
  4 kobolds (D:1)
  A quokka skeleton (D:5)
  8 rats
136 creatures vanquished.

Notes
Turn   | Place    | Note
--------------------------------------------------------------
     0 | D:1      | Krapule the Formicid Fighter began the quest for the Orb.
     0 | D:1      | Reached XP level 1. HP: 18/18 MP: 1/1
   242 | D:1      | Reached XP level 2. HP: 24/24 MP: 2/2
   406 | D:1      | Reached skill level 4 in Shields
   410 | D:1      | Reached XP level 3. HP: 29/29 MP: 3/3
   897 | D:2      | Noticed Robin
   908 | D:2      | Reached skill level 1 in Stealth
  1106 | D:2      | Killed Robin
  1106 | D:2      | Reached XP level 4. HP: 27/35 MP: 4/4
  1330 | D:2      | Reached skill level 1 in Dodging
  1330 | D:2      | Reached XP level 5. HP: 41/42 MP: 5/5
  1454 | D:2      | Noticed Natasha
  1468 | D:2      | Killed Natasha
  1668 | D:2      | Noticed Natasha
  1677 | D:2      | Killed Natasha
  1693 | D:2      | Noticed Terence
  1709 | D:2      | Killed Terence
  1709 | D:2      | Reached XP level 6. HP: 29/48 MP: 6/6
  1785 | D:2      | Noticed Jessica
  1801 | D:2      | Killed Jessica
  2374 | D:3      | Noticed murphy's ghost (amateur HEAM)
  2381 | D:2      | Reached skill level 5 in Shields
  2440 | D:3      | Killed murphy's ghost
  2681 | D:3      | Noticed Natasha
  2693 | D:3      | Killed Natasha
  2937 | D:3      | Reached XP level 7. HP: 55/55 MP: 7/7
  3307 | D:4      | Noticed ThereIsNoGod's ghost (novice GrFi)
  3630 | D:4      | Found a blossoming altar of Fedhas.
  3636 | D:4      | Found a stormy altar of Qazlal.
  3850 | D:4      | Reached skill level 5 in Armour
  4015 | D:5      | Entered Level 5 of the Dungeon
  4525 | D:5      | Reached skill level 5 in Fighting
  4525 | D:5      | Reached skill level 6 in Shields
  4525 | D:5      | Reached XP level 8. HP: 41/62 MP: 8/8
  4636 | D:5      | Noticed mopl's ghost (amateur DsAE)
  5017 | D:5      | Slain by an ogre

Skill      XL: |  1  2  3  4  5  6  7 |
---------------+----------------------+-----
Shields        | 4 5 6 |  6.5
Stealth        | 1 2 3 4 |  4.4
Armour         | 4 5 |  5.5
Dodging        | 1 2 |  2.5
Fighting       | 4 5 |  5.2
Axes           | 3 |  3.5

Action                   |  1- 3 |  4- 6 |  7- 9 || total
-------------------------+-------+-------+-------++-------
Melee: War axe           |    96 |   243 |   218 ||   557
  Use: Scroll            |       |     9 |     2 ||    11
       Potion            |       |     3 |       ||     3
  Eat: Chunk             |       |     7 |     6 ||    13
Armor: Scale mail        |    48 |   108 |    58 ||   214
Dodge: Dodged            |    39 |    74 |    68 ||   181
Block: Shield            |    50 |   136 |   113 ||   299
